 Dungeon Crawl Stone Soup version 0.22-a0-412-g2b68d144a4 (webtiles) character file.

981 Kriby the Ruffian (level 7, 0/73 HPs)
             Began as a Troll Monk on May 12, 2018.
             Killed by divine providence
             ... invoked by an orc priest
              (8 damage)
             ... on level 5 of the Dungeon.
             The game lasted 00:02:35 (3201 turns).

Kriby the Ruffian (Troll Monk)                      Turns: 3201, Time: 00:02:36

Health: 0/73       AC:  6    Str: 22    XL:     7   Next: 96%
Magic:  6/6        EV: 11    Int:  6    God:
Gold:   302        SH:  0    Dex: 12    Spells: 6/6 levels left

rFire    + . .     SeeInvis .     - Unarmed
rCold    . . .     Gourm    +   (no shield)
rNeg     . . .     Faith    .   a - +0 robe
rPois    .         Spirit   .   (helmet restricted)
rElec    .         Reflect  .   (no cloak)
rCorr    .         Harm     .   (gloves unavailable)
MR       .....                  (boots unavailable)
Stlth    ++........             (no amulet)
HPRegen  0.62/turn              (no ring)
MPRegen  0.10/turn              (no ring)

@: no status effects
A: large, unfitting armour, claws 3, rugged brown scales 1, fire resistance 1,
fast metabolism 3, gourmand, regeneration 1, shaggy fur 1, tough skin 2
a: no special abilities


You were on level 5 of the Dungeon.
You were completely stuffed.

You visited 1 branch of the dungeon, and saw 5 of its levels.

You collected 302 gold pieces.

Inventory:

Armour
 a - a +0 robe (worn)
Jewellery
 i - an uncursed ring of positive energy {unknown}
Wands
 d - a wand of digging (10)
 r - a wand of flame (16)
Scrolls
 c - 2 scrolls of identify
 h - 4 scrolls of remove curse
 j - a scroll of teleportation {unknown}
 k - a scroll of blinking {unknown}
 m - a scroll of enchant weapon {unknown}
 o - 2 scrolls of immolation {unknown}
 p - a scroll of amnesia {unknown}
 q - a scroll of fog {unknown}
Potions
 e - 5 potions of might
 f - a potion of berserk rage {unknown}
 g - 3 potions of heal wounds
 l - 3 potions of flight
 n - 2 potions of curing
Comestibles
 b - 9 rations


   Skills:
 + Level 4.5 Fighting
 + Level 4.4 Dodging
 - Level 1.0 Stealth
 * Level 7.2 Unarmed Combat


You had 6 spell levels left.
You didn't know any spells.
Your spell library was empty.

Dungeon Overview and Level Annotations

Branches:
Dungeon (5/15)
 Temple: D:4-7

Altars:
Elyvilon
Sif Muna


Innate Abilities, Weirdness & Mutations

You are too large for most types of armour.
You have claws for hands.
Your metabolism is lightning-fast.
You like to eat raw meat.
Your natural rate of healing is unusually fast.
You are covered in fur. (AC +1)
You have very tough skin. (AC +2)
You are partially covered in rugged brown scales. (AC +1, +3% HP)
Your flesh is heat resistant. (rF+)


Message History

The orc priest is severely wounded.
The orc priest mumbles some strange prayers to Beogh against you.
Beogh smites you! The orc priest barely misses you.
You closely miss the orc priest.
The orc priest is severely wounded.
The orc priest calls down the wrath of Beogh upon you.
Beogh smites you!
* * * LOW HITPOINT WARNING * * *
You completely miss the orc priest.
The orc priest is severely wounded.
The orc priest mumbles some strange prayers to Beogh against you.
Pain shoots through your body!
* * * LOW HITPOINT WARNING * * *
The orc priest hits you.
* * * LOW HITPOINT WARNING * * *
You closely miss the orc priest.
The orc priest is severely wounded.
The orc priest invokes the aid of Beogh against you.
Beogh smites you!
You die...

########################
.................#.....#
.................#.....'
.................#.....#
.................#.....#
.................#.....#
....=.o@.........#.....#
......o).........#.....#
###..##.####.....###'###
#. #.####.....##...## ..
..#........#.....# ..
...#........#.....' .
....#........#.....#
.....###......####+##
##'#######..##


You could see 2 orc priests.

Vanquished Creatures
  Pikel (D:4)
  A slave (D:3)
  A sky beast (D:5)
  A howler monkey (D:5)
  A hound (D:4)
  An orc priest (D:5)
  Terence (D:2)
  An iguana (D:4)
  Natasha (thrice) (D:3)
  2 worker ants (D:4)
  A hound skeleton (D:4)
  A howler monkey skeleton (D:5)
  6 adders
  An adder skeleton (D:4)
  2 worms
  2 dart slugs
  3 leopard geckos (D:3)
  2 orcs
  3 ball pythons
  11 bats
  3 giant cockroaches
  8 goblins
  7 hobgoblins
  2 jackals (D:3)
  3 quokkas
  6 frilled lizards
  A jackal skeleton (D:4)
  8 kobolds
  17 rats
100 creatures vanquished.

Vanquished Creatures (others)
  A ball python (D:4)
1 creature vanquished.

Grand Total: 101 creatures vanquished

Notes
Turn   | Place    | Note
-------+----------+-------------------------------------------
     0 | D:1      | Kriby the Troll Monk began the quest for the Orb.
     0 | D:1      | Reached XP level 1. HP: 22/22 MP: 0/0
   151 | D:1      | Reached XP level 2. HP: 29/29 MP: 1/1
   471 | D:1      | Reached XP level 3. HP: 36/36 MP: 2/2
   918 | D:2      | Found a deep blue altar of Sif Muna.
   929 | D:2      | Reached skill level 4 in Unarmed Combat
   988 | D:2      | Noticed Terence
   995 | D:2      | Killed Terence
   995 | D:2      | Reached XP level 4. HP: 44/44 MP: 3/3
  1180 | D:2      | Found a faded altar of an unknown god.
  1315 | D:3      | Found a white marble altar of Elyvilon.
  1670 | D:3      | Noticed Natasha
  1674 | D:3      | Killed Natasha
  1674 | D:3      | Reached XP level 5. HP: 48/53 MP: 4/4
  1755 | D:3      | Noticed Natasha
  1762 | D:3      | Killed Natasha
  2070 | D:3      | Noticed Natasha
  2079 | D:3      | Killed Natasha
  2079 | D:3      | Reached skill level 5 in Unarmed Combat
  2219 | D:4      | Noticed Pikel
  2219 | D:4      | Noticed a slave
  2219 | D:4      | Noticed a slave
  2219 | D:4      | Noticed a slave
  2219 | D:4      | Noticed a slave
  2239 | D:3      | Killed a slave
  2519 | D:4      | Reached XP level 6. HP: 53/61 MP: 5/5
  2585 | D:4      | Killed Pikel
  2585 | D:4      | Reached skill level 6 in Unarmed Combat
  2585 | D:4      | Reached XP level 7. HP: 36/70 MP: 6/6
  2693 | D:4      | Gained mutation: You are frail. (-10% HP) [potion of mutation]
  2693 | D:4      | Lost mutation: You are frail. (-10% HP) [potion of mutation]
  2694 | D:4      | Gained mutation: You are partially covered in rugged brown scales. (AC +1, +3% HP) [potion of mutation]
  2694 | D:4      | Gained mutation: Your flesh is heat resistant. (rF+) [potion of mutation]
  2856 | D:5      | Entered Level 5 of the Dungeon
  3154 | D:5      | Reached skill level 7 in Unarmed Combat
  3201 | D:5      | Killed from afar by an orc priest

Vault maps used:
D:1:      dpeg_arrival_tiny_h, minmay_rat_gold_closets
D:2:      old_standard_altar, chequers_ecumenical_altar_simple_redux,
          uniq_terence
D:3:      first_ration, elyvilon_altar_1, uniq_natasha
D:4:      uniq_pikel

Skill      XL: |  1  2  3  4  5  6  7 |
---------------+----------------------+-----
Unarmed Combat | 4 5 6 7 |  7.2
Fighting       | 3 4 |  4.5
Dodging        | 3 4 |  4.4
Stealth        | |  1.0

Action                   |  1- 3 |  4- 6 |  7- 9 || total
-------------------------+-------+-------+-------++-------
Melee: Unarmed           |   101 |   117 |    49 ||   267
       Punch             |     1 |     3 |       ||     4
  Use: Potion            |       |     3 |     2 ||     5
       Scroll            |       |     5 |       ||     5
 Stab: Sleeping          |     1 |       |       ||     1
  Eat: Chunk             |    15 |    14 |     6 ||    35
Armor: Robe              |    47 |    24 |    14 ||    85
Dodge: Dodged            |    46 |    64 |    19 ||   129

Table legend:
 A = Spawn XP
 B = Non-spawn XP
 C = Spawn XP percentage of total XP
 D = Spawn monster count
 E = Non-spawn monster count
 F = Spawn count percentage of total count
 G = Total turns spent on level
                    A         B        C        D         E        F      G
               +---------+---------+-------+---------+---------+-------+---------
         Total |       0 |    1402 |   0.0 |       0 |      99 |   0.0 |  3201
               +---------+---------+-------+---------+---------+-------+---------
           D:1 |       0 |      50 |   0.0 |       0 |      37 |   0.0 |   856
           D:2 |       0 |      94 |   0.0 |       0 |      19 |   0.0 |   453
           D:3 |       0 |     174 |   0.0 |       0 |      24 |   0.0 |  1096
           D:4 |       0 |     812 |   0.0 |       0 |      10 |   0.0 |   451
           D:5 |       0 |     272 |   0.0 |       0 |       9 |   0.0 |   345
               +---------+---------+-------+---------+---------+-------+---------
